General information
			
			
        
        - name: Local Game (iggy_the_fisk)
 
        - type: Custom game
 
        - host: iggy_the_fisk
 
        - saver: iggy_the_fisk
 
        
map: TerenasStand 
        - players: 12
 
        - length: 24:50
 
        - speed: Fast
 - version: 1.22 W3XP
 - replay type:  

 
» download(199 KB)
Players
        team 1 (loser) 
              
              
NADMaN (
orange | 204 APM | 5053 actions | 24:48)
              
 4 Archmage 
 2 Blizzard
 2 Brilliance Aura
 4 Mountain King 
 2 Storm Bolt
 2 Bash
 1 Paladin 
 1 Holy Light
 
                » actions 
                
                | Assign group hotkey | 28 |  | 
| Basic commands | 225 |  | 
| Build / train | 64 |  | 
| ESC pressed | 5 |  | 
| Enter build submenu | 25 |  | 
| Enter hero's abilities submenu | 9 |  | 
| Give item / drop item | 6 |  | 
| Right click | 2351 |  | 
| Select / deselect | 684 |  | 
| Select group hotkey | 1544 |  | 
| Use ability | 112 |  | 
                5053 total
 » units 
                
                | Peasant | 10 |  | 
| Footman | 7 |  | 
| Spell Breaker | 3 |  | 
| Sorceress | 2 |  | 
| Priest | 4 |  | 
| Knight | 4 |  | 
| Rifleman | 1 |  | 
                31 total
 » upgrades
                
                | Sorceress Training | 1 |  | 
| Control Magic | 1 |  | 
| Animal War Training | 1 |  | 
| Priest Training | 1 |  | 
                4 total
 » buildings
                
                | Altar of Kings | 1 |  | 
| Farm | 8 |  | 
| Barracks | 2 |  | 
| Keep | 4 |  | 
| Arcane Sanctum | 4 |  | 
| Arcane Vault | 1 |  | 
| Castle | 1 |  | 
| Town Hall | 4 |  | 
| Blacksmith | 1 |  | 
| Lumber Mill | 1 |  | 
                27 total
 » build order
                00:05 Altar of Kings
00:15 Farm
00:34 Barracks
00:43 Farm
01:35 Farm
02:39 Keep
02:39 Keep
02:39 Keep
03:39 Farm
05:06 Arcane Sanctum
05:08 Arcane Sanctum
06:47 Arcane Sanctum
06:50 Arcane Sanctum
07:12 Arcane Vault
08:41 Farm
10:47 Castle
12:44 Town Hall
12:46 Town Hall
14:00 Blacksmith
14:03 Lumber Mill
14:06 Barracks
14:34 Farm
14:50 Farm
15:49 Farm
16:53 Town Hall
21:47 Town Hall
» items
                
                | Scroll of Town Portal | 5 |  | 
| Scroll of Regeneration | 2 |  | 
| Staff of Sanctuary | 2 |  | 
                9 total
  
               team 2 (winner) 
              
              
Mata. (
green | 235 APM | 5823 actions | 24:48)
              
 5 Archmage 
 3 Summon Water Elemental
 2 Brilliance Aura
 3 Mountain King 
 2 Storm Bolt
 1 Bash
 
                » actions 
                
                | Assign group hotkey | 221 |  | 
| Basic commands | 76 |  | 
| Build / train | 86 |  | 
| Enter build submenu | 25 |  | 
| Enter hero's abilities submenu | 8 |  | 
| Give item / drop item | 1 |  | 
| Right click | 2569 |  | 
| Select / deselect | 1043 |  | 
| Select group hotkey | 1618 |  | 
| Use ability | 176 |  | 
                5823 total
 » units 
                
                | Peasant | 36 |  | 
| Footman | 7 |  | 
| Priest | 5 |  | 
| Sorceress | 2 |  | 
| Spell Breaker | 6 |  | 
| Ogre Mauler | 1 |  | 
| Dragonhawk Rider | 2 |  | 
                59 total
 » upgrades
                » buildings
                
                | Altar of Kings | 1 |  | 
| Barracks | 1 |  | 
| Farm | 12 |  | 
| Keep | 1 |  | 
| Arcane Sanctum | 2 |  | 
| Arcane Vault | 1 |  | 
| Town Hall | 1 |  | 
| Lumber Mill | 1 |  | 
| Gryphon Aviary | 2 |  | 
| Castle | 2 |  | 
                24 total
 » build order
                00:05 Altar of Kings
00:17 Barracks
00:31 Farm
01:02 Farm
02:03 Farm
04:19 Keep
06:50 Arcane Sanctum
06:51 Arcane Sanctum
07:09 Farm
08:56 Arcane Vault
09:36 Farm
11:50 Farm
12:22 Town Hall
14:30 Farm
15:07 Farm
15:47 Lumber Mill
17:15 Farm
17:31 Gryphon Aviary
17:33 Gryphon Aviary
18:09 Farm
18:16 Farm
18:19 Farm
20:43 Castle
20:44 Castle
» items
                
                | Scroll of Town Portal | 4 |  | 
| Scroll of Regeneration | 1 |  | 
| Potion of Healing | 1 |  | 
                6 total
  
               observersiggy_the_fisk, 
TIMG4STRok, 
blinn, 
BEAR_AND, 
snarker, 
Gobiner, 
westonb, 
jerund, 
Dredrick, 
goonswithspoons Chat log
          (00:17 / Observers) jerund: are you guys on vent24.light-speed or what
(00:20 / Observers) BEAR_AND: wow
(00:20 / Observers) BEAR_AND: WOW
(00:22 / Observers) iggy_the_fisk: what
(00:22 / Observers) Dredrick: ...?
(00:26 / Observers) iggy_the_fisk: kind of nerd vent is that
(00:28 / Observers) Dredrick: i use a mach2 version of vent
(00:30 / Observers) goonswithspoons: uhhh
(00:34 / Observers) Dredrick: light speed is too much for me
(00:36 / Observers) BEAR_AND: silver.typefrag.com 32012    for the eighteenth time
(00:44 / Observers) Dredrick: 32012
(00:45 / Observers) Dredrick: 32012
(00:50 / Observers) goonswithspoons: no passsword
(00:58 / Observers) westonb: sync
(01:01 / Observers) Dredrick: Jerund, isn't that a mispelled speach... thing?
(01:02 / Observers) TIMG4STRok: hes on dota vent    dota or johnny math
(01:02 / Observers) westonb: hu altar
(01:06 / Observers) Dredrick: Gerund?
(01:07 / Observers) BEAR_AND: orange altar
(01:08 / Observers) BEAR_AND: now
(01:12 / Observers) BEAR_AND: wow
(01:16 / Observers) iggy_the_fisk: this vent optimized for DOTA
(01:20 / Observers) Dredrick: ewww
(01:23 / Observers) iggy_the_fisk: syllabear sounds crystal clear
(01:25 / All) Mata.: gl hf teckenomvandlingstabeller
(01:26 / Observers) Dredrick: dota's no fun
(01:32 / Observers) Gobiner: what does that mean
(01:36 / Observers) Dredrick: lmao
(01:37 / Observers) Gobiner: ic
(01:38 / Observers) goonswithspoons: ahaha
(01:39 / Observers) BEAR_AND: 'character conversion chart'
(01:42 / Observers) iggy_the_fisk: 's'
(01:48 / Observers) iggy_the_fisk: 'er' makes it plural kapow
(02:01 / Observers) TIMG4STRok: teckenomvandlingstabell
(02:01 / Observers) Gobiner: does swedish have cases
(02:04 / Observers) Dredrick: \
(02:05 / Observers) BEAR_AND: nadman kind of a shitbase
(02:07 / Observers) TIMG4STRok: like a suit case
(02:10 / Observers) TIMG4STRok: or a brief case
(02:14 / Observers) TIMG4STRok: a Brief Case.
(02:14 / Observers) Gobiner: like russian or finnish
(02:19 / Observers) Gobiner: or german
(02:22 / Observers) BEAR_AND: mata has a briefcase
(02:24 / Observers) iggy_the_fisk: hey let me compare swedish to a bunch of shit languages
(02:26 / Observers) BEAR_AND: nadman a shitbase
(02:28 / Observers) TIMG4STRok: full of GUTS
(02:29 / Observers) Dredrick: ---->>>>(o '.')==>> GIGA DRILL BREAKER
(02:30 / Observers) Gobiner: just wondering
(02:30 / Observers) BEAR_AND: hahah
(02:34 / Observers) westonb: a gamble?
(02:39 / Observers) BEAR_AND: i think i got diabetes
(02:40 / Observers) Dredrick: blizz harass
(02:42 / Observers) BEAR_AND: im taking a fuckign nap
(02:42 / Observers) Dredrick: phew*
(02:45 / Observers) TIMG4STRok: candy
(02:49 / Observers) TIMG4STRok: its what chicken tastes like
(02:53 / Observers) TIMG4STRok: if chicken was candy
(02:56 / Observers) goonswithspoons: ahahaha
(02:58 / Observers) BEAR_AND: u stuck
(03:12 / Observers) iggy_the_fisk: noobert
(03:13 / Observers) BEAR_AND: woop
(03:13 / Observers) Dredrick: t.t
(03:15 / Observers) goonswithspoons: wow
(03:17 / Observers) Gobiner: could've denied himself
(03:19 / Observers) TIMG4STRok: look at me i hate arcanes
(03:20 / Observers) BEAR_AND: well
(03:22 / Observers) TIMG4STRok: and workers
(03:23 / Observers) BEAR_AND: it's really hard
(03:26 / Observers) BEAR_AND: to deny w' blizz
(03:35 / Observers) TIMG4STRok: 10 gold woikas
(03:49 / Observers) Gobiner: I tihnk he would've done it just by not running
(03:53 / Observers) westonb: 6 now
(04:09 / Observers) goonswithspoons: hey man the more the better right
(04:17 / Observers) westonb: below the farm
(04:20 / Observers) Dredrick: 2 openings
(04:20 / Observers) BEAR_AND: hoping to enact blizzard unit cap on next harrass
(04:23 / Observers) goonswithspoons: called losing
(04:28 / Observers) TIMG4STRok: holy
(04:29 / Observers) TIMG4STRok: crapola
(04:30 / Observers) BEAR_AND: yep unit cap
(04:32 / Observers) TIMG4STRok: holy fuckin crapola
(04:41 / Observers) BEAR_AND: 5
(04:42 / Observers) BEAR_AND: so far
(04:43 / Observers) TIMG4STRok: mata noobing it up hardcore
(04:48 / Observers) TIMG4STRok: did they agree no towers
(04:50 / Observers) Dredrick: Dalar Dawnweaver, Pesant Bane!
(04:52 / Observers) BEAR_AND: idk
(04:55 / Observers) BEAR_AND: i was joking
(04:57 / Observers) westonb: almost done tier 2 for nadman
(05:01 / Observers) iggy_the_fisk: guess what's coming up mata
(05:02 / Observers) BEAR_AND: 125
(05:08 / Observers) Dredrick: 6 pesant kills
(05:11 / Observers) Dredrick: 5*
(05:14 / Observers) goonswithspoons: no mana
(05:25 / Observers) BEAR_AND: tp really?
(05:26 / Observers) TIMG4STRok: man
(05:27 / Observers) BEAR_AND: no mana?
(05:32 / Observers) Dredrick: NADMaN's pulling an AKM variation
(05:34 / Observers) TIMG4STRok: human must have been shitty to play as before arcane towers
(05:38 / Observers) BEAR_AND: one sanctum still there unbuilding
(05:51 / Observers) Gobiner: all call
(05:57 / Observers) Gobiner: ring the bell
(06:02 / Observers) Dredrick: Dinnerbell
(06:09 / Observers) BEAR_AND: *ding dong* "ur a noob"
(06:19 / Observers) TIMG4STRok: ring my beeeeeeeeeeeeeeeeeeeeeelllllllllllll llllllllll llllllllll ring my bellll
(06:27 / Observers) goonswithspoons: mk
(06:30 / Observers) TIMG4STRok: failed surr
(06:38 / Observers) goonswithspoons: uh oh
(06:38 / Observers) TIMG4STRok: hey i got bolt and thirteen dudes watch me fuck up a surround
(06:44 / Observers) BEAR_AND: boomp
(06:52 / Observers) goonswithspoons: mata has gold
(06:54 / Observers) goonswithspoons: lots of gold
(06:57 / Observers) iggy_the_fisk: speedbuild an arcane or someth
(07:02 / Observers) iggy_the_fisk: you know he gonna hit
(07:02 / Observers) TIMG4STRok: you sit there in your fucken tower
(07:04 / Observers) TIMG4STRok: and all you do
(07:05 / Observers) TIMG4STRok: is sing 
(07:07 / Observers) TIMG4STRok: and talk shit
(07:20 / Observers) BEAR_AND: last week
(07:23 / Observers) BEAR_AND: timg quit the band
(07:24 / Observers) goonswithspoons: timg sits in a towe and doesnt sing
(07:25 / Observers) Dredrick: singcast a game you're playing... that would be a gosu feat
(07:37 / Observers) BEAR_AND: now we're back together
(07:50 / Observers) BEAR_AND: superfluous bolt
(07:50 / Observers) westonb: singcasting would be possible, but no guitar would be possible
(07:56 / Observers) TIMG4STRok: sanctum
(07:56 / Observers) westonb: if you were playing
(07:58 / Observers) TIMG4STRok: you attarded
(08:06 / Observers) Dredrick: NADMaN vs Mata. The Militia Wars
(08:06 / Observers) BEAR_AND: he could have a loop pedal with premade loops
(08:09 / Observers) westonb: unless you were that indian girl that had 4 arms
(08:20 / Observers) Gobiner: best singcast ever
(08:25 / Observers) BEAR_AND: blizzing the two workers
(08:29 / Observers) TIMG4STRok: such a bad manner singcast
(08:29 / Observers) Gobiner: played by hindu god
(08:31 / Observers) iggy_the_fisk: surr that am
(08:32 / Observers) goonswithspoons: have someone come over and use the singcast to tell them what to do
(08:34 / Observers) Dredrick: actually it was a parasitic twin
(08:37 / Observers) Gobiner: sitar and shit
(08:44 / Observers) Dredrick: so SHE only had 2, her parasitic twin had another 2
(08:50 / Observers) Dredrick: 70
(08:52 / Observers) TIMG4STRok: honk honk got no fucking buri bronzebeard to bolt from the blue honk honk
(09:02 / Observers) BEAR_AND: answer your phone blinn
(09:07 / Observers) Dredrick: wtf
(09:11 / Observers) iggy_the_fisk: cancel yo sorc mata
(09:12 / Observers) westonb: "this is bullshit, i'm going to lose, i'll disc hack you irl
(09:13 / Observers) BEAR_AND: gsm interference
(09:20 / Observers) TIMG4STRok: ius that what it's called
(09:22 / Observers) TIMG4STRok: that shit is annoying
(09:28 / Observers) TIMG4STRok: cant have it within 5 feet of a tv or speakers
(09:29 / Observers) goonswithspoons: disk hack irl does that mean give them a heart attack or something
(09:31 / Observers) Dredrick: 4 on mine
(09:36 / Observers) BEAR_AND: put it in a antistatic bag
(09:39 / Observers) BEAR_AND: faraday that shit
(09:39 / Observers) TIMG4STRok: haha
(09:41 / Observers) westonb: that is 5
(09:43 / Observers) TIMG4STRok: i have one
(09:46 / Observers) TIMG4STRok: sitting next to my comp
(09:50 / Observers) TIMG4STRok: from a hard drive
(09:58 / Observers) TIMG4STRok: i should do that
(09:58 / Observers) BEAR_AND: yep it makes phones not interfere
(10:01 / Observers) TIMG4STRok: staple it to my desk
(10:03 / Observers) TIMG4STRok: my phone pouch
(10:06 / Observers) BEAR_AND: pretty nerdy
(10:12 / Observers) TIMG4STRok: i would never do that
(10:13 / Observers) Dredrick: Militia Wars Continue
(10:14 / Observers) TIMG4STRok: it was a yolk
(10:17 / Observers) iggy_the_fisk: these guys shoot birds too but why
(10:18 / Observers) iggy_the_fisk: why
(10:22 / Observers) TIMG4STRok: forgot about dre
(10:23 / Observers) goonswithspoons: blizz food
(10:38 / Observers) BEAR_AND: WOW
(10:40 / Observers) BEAR_AND: tp pass
(10:43 / Observers) Gobiner: pro
(10:50 / Observers) TIMG4STRok: jewgul the sly
(10:50 / Observers) Dredrick: tag
(10:58 / Observers) Dredrick: lmao
(11:15 / Observers) Gobiner: nadman hasn't creeped a single thing yet has he
(11:19 / Observers) TIMG4STRok: crazy, like a fox       crazyfox89.com
(11:32 / Observers) BEAR_AND: 3 sorc
(11:35 / Observers) BEAR_AND: we live togheter.org
(11:38 / Observers) TIMG4STRok: lshield
(11:43 / Observers) Dredrick: lvl 3 immolation
(11:46 / Observers) TIMG4STRok: oh god
(11:49 / Observers) TIMG4STRok: priest auto heal
(11:50 / Observers) TIMG4STRok: save it
(12:08 / Observers) Dredrick: mata staying t2
(12:16 / Observers) goonswithspoons: here to krupp neveada
(12:21 / Observers) Dredrick: nice nation
(12:34 / Observers) TIMG4STRok: krupp nvidia                  fly to sky
(12:36 / Observers) BEAR_AND: ring ring "ur a noob"
(12:37 / Observers) Dredrick: pesants
(12:57 / Observers) TIMG4STRok: Hello take me to the mental hospital. Thank's.
(12:58 / Observers) BEAR_AND: scouted
(13:07 / Observers) goonswithspoons: 'thats alot of krupp'    -blinn, july 9th 2008
(13:20 / Observers) BEAR_AND: da dreaded blizz
(13:20 / Observers) Gobiner: crup
(13:24 / Observers) TIMG4STRok: a brogre
(13:25 / Observers) Dredrick: you called?
(13:26 / Observers) iggy_the_fisk: tp in
(13:28 / Observers) iggy_the_fisk: on that am face
(13:30 / Observers) Dredrick:  /joke
(13:39 / Observers) Dredrick: nope
(13:40 / Observers) BEAR_AND: neope, maybe a tp trade
(13:45 / Observers) TIMG4STRok: nice
(13:49 / Observers) TIMG4STRok: gets on the gold mine
(13:51 / Observers) TIMG4STRok: to nullify blizz
(13:55 / Observers) TIMG4STRok: OWHC
(13:55 / Observers) BEAR_AND: WOW
(13:56 / Observers) goonswithspoons: wow
(13:57 / Observers) BEAR_AND: 16hp
(13:57 / Observers) Dredrick: 17
(13:58 / Observers) Gobiner: hahaha
(14:00 / Observers) goonswithspoons: damn
(14:04 / Observers) goonswithspoons: saved by the 1 armor
(14:08 / Observers) Dredrick: lol
(14:13 / Observers) BEAR_AND: armor doesn't affect spells
(14:18 / Observers) TIMG4STRok: foighting
(14:20 / Observers) TIMG4STRok: you know
(14:21 / Observers) TIMG4STRok: foighting
(14:23 / Observers) iggy_the_fisk: there were many attacks before it
(14:23 / Observers) goonswithspoons: yes but the mnauler but bashin him
(14:27 / Observers) goonswithspoons: yes
(14:29 / Observers) BEAR_AND: i guess yea
(14:37 / Observers) goonswithspoons: why is he killing his own farm
(14:38 / Observers) BEAR_AND: "let me out"
(14:42 / Observers) goonswithspoons: ah
(14:43 / Observers) BEAR_AND: was stuck by humanbase
(14:44 / Observers) Dredrick: Blinn teched to mass rhymes
(14:46 / Observers) goonswithspoons: ahaha
(14:50 / Observers) iggy_the_fisk: 50 food anyway
(14:52 / Observers) TIMG4STRok: excuse me           i would like to leave my house
(15:02 / Observers) TIMG4STRok: he got blocked in
(15:03 / Observers) Dredrick: lol
(15:04 / Observers) TIMG4STRok: by a farm
(15:06 / Observers) TIMG4STRok: and had to kill; it
(15:06 / Observers) BEAR_AND: when he had to kill his farm
(15:07 / Observers) TIMG4STRok: fuck you
(15:12 / Observers) TIMG4STRok: blinn ill kill you
(15:16 / Observers) iggy_the_fisk: kniggits coming though
(15:20 / Observers) Dredrick: ouch, so bruital
(15:22 / Observers) iggy_the_fisk: dual racks knights wowie
(15:30 / Observers) BEAR_AND: in the parking lot
(15:30 / Observers) Dredrick: :O
(15:32 / Observers) Dredrick: He what!?
(15:38 / Observers) TIMG4STRok: led to my vgdf ban
(15:39 / Observers) BEAR_AND: of blizzard (irvine cali)
(15:41 / Observers) TIMG4STRok: irvine
(15:43 / Observers) TIMG4STRok: not anaheim
(15:46 / Observers) goonswithspoons: stabbed him in the krupp
(15:51 / Observers) Dredrick: You bastard! He bought us the tower nerf!
(15:53 / Observers) TIMG4STRok: a creep yack
(15:55 / Observers) TIMG4STRok: if you're iggy
(15:58 / Observers) BEAR_AND: isn't Krup actually a brand of knives
(16:00 / Observers) BEAR_AND: it is
(16:01 / Observers) BEAR_AND: lmfao
(16:08 / Observers) goonswithspoons: breaker wars
(16:08 / Observers) iggy_the_fisk: nadman steals the creeps
(16:10 / Observers) iggy_the_fisk: fuck fighting
(16:12 / Observers) TIMG4STRok: 3 caster blizz
(16:12 / Observers) TIMG4STRok: nice
(16:21 / Observers) BEAR_AND: a counterbolt
(16:22 / Observers) Dredrick: Water Tauren more effective then the Blizzard here
(16:24 / Observers) TIMG4STRok: breaker
(16:38 / Observers) TIMG4STRok: control magic
(16:41 / Observers) iggy_the_fisk: mata got it
(16:41 / Observers) TIMG4STRok: get that guy to 50%
(16:41 / Observers) BEAR_AND: nope
(16:42 / Observers) TIMG4STRok: then bam
(16:43 / Observers) BEAR_AND: not enough mana
(16:43 / Observers) BEAR_AND: oh
(16:43 / Observers) TIMG4STRok: take it
(16:44 / Observers) BEAR_AND: yep
(16:49 / Observers) Dredrick: sheet
(16:53 / Observers) BEAR_AND: sheeit
(16:54 / Observers) goonswithspoons: ya
(16:56 / Observers) Dredrick: yea my bad
(16:58 / Observers) iggy_the_fisk: make units
(17:02 / Observers) Dredrick: there is an "i" there
(17:05 / Observers) Dredrick: your not?
(17:09 / Observers) TIMG4STRok: disney used it before you were born blinn
(17:11 / Observers) westonb: perhaps mention the roman leader nero?
(17:19 / Observers) BEAR_AND: sweet suggestion
(17:28 / Observers) Dredrick: Our hero zero, what a wonderful hero, before he came along we counted on our fingers and toes!
(17:35 / Observers) TIMG4STRok: the northern army u fool
(17:46 / Observers) goonswithspoons: ward
(17:53 / Observers) Dredrick: single pesant hard at work
(17:55 / Observers) TIMG4STRok: this is gonna win the game
(18:00 / Observers) BEAR_AND: pesante
(18:00 / Observers) Gobiner: nadman at 11 wood
(18:12 / Observers) jerund: blinn can you help me figure out how man archmages it takes to change a light bulb
(18:12 / Observers) TIMG4STRok: i hope we get some sweet moon-esque zep micro this game
(18:14 / Observers) Dredrick: NADMaN needs shades
(18:15 / Observers) TIMG4STRok: would make me happy
(18:30 / Observers) Dredrick:  
(18:31 / Observers) Dredrick:  
(18:31 / Observers) Dredrick:  
(18:32 / Observers) BEAR_AND: two, one to hold the ladder & one for brilliance??????
(18:40 / Observers) TIMG4STRok: lamer
(18:42 / Observers) TIMG4STRok: lamer joke
(18:44 / Observers) TIMG4STRok: lamer yolk
(18:50 / Observers) westonb: uh oh
(18:54 / Observers) Dredrick: Jon the pesant falls
(19:01 / Observers) goonswithspoons: change the light bulb and singcast at the same timer
(19:03 / Observers) westonb: will he see this expo
(19:04 / Observers) goonswithspoons: can he do it!?!
(19:10 / Observers) Dredrick: Farewell Jon, you will live forever in our hearts
(19:18 / Observers) TIMG4STRok: hey i love blizzing my knights
(19:24 / Observers) westonb: even food count
(19:34 / Observers) westonb: oh i'm worng sorry
(19:41 / Observers) TIMG4STRok: focus am
(19:42 / Observers) TIMG4STRok: no tp
(19:43 / Observers) TIMG4STRok: on either
(19:49 / Observers) TIMG4STRok: OUHCH
(19:50 / Observers) BEAR_AND: invis
(19:51 / Observers) TIMG4STRok: owowowowowo
(19:52 / Observers) goonswithspoons: full mana mk
(19:52 / Observers) BEAR_AND: try
(20:03 / Observers) TIMG4STRok: lc
(20:07 / Observers) TIMG4STRok: lc owned the shit out f mata
(20:11 / Observers) Dredrick: Aurrius the Pure strikes Foldred Aran with all his strength, only to fall to the breakers
(20:14 / Observers) TIMG4STRok: made him canc the am attack
(20:21 / Observers) BEAR_AND: hey dredrick it has to rhyme
(20:24 / Observers) BEAR_AND: for blinn to sing it
(20:27 / Observers) Dredrick: ?
(20:28 / Observers) Dredrick: oh
(20:35 / Observers) Dredrick: im not expecting singage of everything
(20:38 / Observers) iggy_the_fisk: that
(20:40 / Observers) iggy_the_fisk: was not good
(20:40 / Observers) TIMG4STRok: you should
(20:45 / Observers) Dredrick: ok... hmmm
(20:54 / Observers) TIMG4STRok: your goal for going into these games is to get blinn to sing your shit and your shit alone
(20:56 / Observers) BEAR_AND: rhymes are always appreciated
(21:01 / Observers) goonswithspoons: warded
(21:03 / Observers) TIMG4STRok: its like a little contest
(21:11 / Observers) Dredrick: Thorgas Broadaxe needs to eat xlax
(21:14 / Observers) Dredrick: (spellcheck)
(21:15 / Observers) BEAR_AND: what the fuck
(21:19 / Observers) Gobiner: blinn remember to sing santeria by sublime
(21:22 / Observers) Dredrick: well it rhymes
(21:29 / Observers) goonswithspoons: gone by ner
(21:34 / Observers) TIMG4STRok: they sang it at his daqd's funeral...... please
(21:44 / Observers) Dredrick: d...daqd?
(21:48 / Observers) Dredrick: who the hell is that?
(21:49 / Observers) TIMG4STRok: a typo
(21:51 / Observers) iggy_the_fisk: hohooo
(21:52 / Observers) TIMG4STRok: relax
(21:52 / Observers) Gobiner: my arabic dad
(21:57 / Observers) Dredrick: ah ok
(21:58 / Observers) westonb: bye bye expo?
(22:02 / Observers) TIMG4STRok: bye bye tk
(22:03 / Observers) BEAR_AND: nadman heads for mata's expo.....in his mind one thought "wreckspo"
(22:04 / Observers) jerund: blinn can you make a mata -> mother joke
(22:11 / Observers) Dredrick: Aurrius the Pure leads his army without fear!
(22:24 / Observers) BEAR_AND: staugh and laugh
(22:25 / Observers) TIMG4STRok: HOYL crap.
(22:31 / Observers) iggy_the_fisk: gg
(22:34 / Observers) Dredrick: hoah
(22:34 / Observers) TIMG4STRok: aurrius gonna take a dirt nap brb...... zZzZ
(22:35 / Observers) goonswithspoons: wowow
(22:47 / Observers) TIMG4STRok: 2 priest
(22:50 / Observers) Dredrick: Run pesants!!!
(22:50 / Observers) BEAR_AND: 4
(22:52 / Observers) iggy_the_fisk: scouts expo with dhawk
(22:53 / Observers) iggy_the_fisk: and game
(22:54 / Observers) goonswithspoons: lvl 5
(22:57 / Observers) goonswithspoons: arch
(23:04 / Observers) BEAR_AND: 9
(23:06 / Observers) BEAR_AND: 0
(23:06 / Observers) TIMG4STRok: hella fast building
(23:06 / Observers) westonb: now tier 3 research
(23:06 / Observers) BEAR_AND: 0
(23:06 / Observers) BEAR_AND: 0
(23:07 / Observers) BEAR_AND: 0
(23:07 / Observers) BEAR_AND: 0
(23:10 / Observers) westonb: just tier 3
(23:11 / Observers) iggy_the_fisk: apparently does not scout expo with dhawk
(23:12 / Observers) iggy_the_fisk: game still on
(23:13 / Observers) Dredrick: 0-0
(23:20 / Observers) TIMG4STRok: i think hes just nabbing a tp
(23:33 / Observers) Dredrick: well Nad may have teched his gryphons or such
(23:35 / Observers) goonswithspoons: nad apparently cant control magic the water elementals
(23:38 / Observers) westonb: nad still has no gryphon averiaries
(23:40 / Observers) iggy_the_fisk: of course he cant
(23:42 / Observers) Dredrick: i know
(23:42 / Observers) BEAR_AND: gryph and breaker same tech
(23:42 / Observers) iggy_the_fisk: they have 1000 hp
(23:45 / Observers) goonswithspoons: ah
(23:46 / Observers) BEAR_AND: and knight
(23:51 / Observers) iggy_the_fisk: breakers have no mana
(23:51 / Observers) Dredrick: they have different attack and armor
(23:54 / Observers) TIMG4STRok: no
(23:57 / Observers) iggy_the_fisk: you can control magic invisdogs
(23:58 / Observers) westonb: Q.Q
(23:59 / Observers) iggy_the_fisk: that's about it
(24:05 / Observers) TIMG4STRok: breaker footman militia knight gryphon dhawk same attack
(24:10 / Observers) Gobiner: 79 food vs 57
(24:11 / Observers) Dredrick: D Hawks Fighting!
(24:16 / Observers) BEAR_AND: staugh that.....beitche
(24:18 / Observers) jerund: can you sing a verse with nothing but acronyms
(24:28 / Observers) Dredrick: b-b-blizz
(24:36 / Observers) BEAR_AND: mk ff am....tp
(24:36 / Observers) iggy_the_fisk: bandis lurks
(24:38 / Observers) TIMG4STRok: bolt
(24:38 / Observers) Dredrick: Not very heroic of that MK
(24:39 / Observers) TIMG4STRok: bolt
(24:39 / Observers) TIMG4STRok: go
(24:40 / Observers) iggy_the_fisk: gonna unleash a bolt
(24:42 / Observers) TIMG4STRok: bolt then invis
(24:44 / Observers) BEAR_AND: bolt
(24:45 / Observers) BEAR_AND: from
(24:45 / Observers) goonswithspoons: wow
(24:45 / Observers) BEAR_AND: the
(24:46 / Observers) goonswithspoons: gg
(24:46 / Observers) BEAR_AND: blue